 Dungeon Crawl Stone Soup version 0.19.1 (webtiles) character file.

756 Leibowitz the Poker (level 7, -10/57 HPs)
             Began as a Demigod Gladiator on Dec 4, 2016.
             Mangled by a wolf (11 damage)
             ... on level 6 of the Dungeon.
             The game lasted 00:16:19 (5296 turns).

Leibowitz the Poker (Demigod Gladiator)             Turns: 5296, Time: 00:16:19

Health: -10/57     AC: -3    Str: 20    XL:     7   Next: 25%
Magic:  9/9        EV: 14    Int: 12    God:
Gold:   222        SH:  0    Dex: 18    Spells: 0 memorised, 6 levels left

rFire  . . .     SeeInvis .     a - +0 trident
rCold  + . .     Gourm    .     b - +0 leather armour
rNeg   . . .     Faith    .     (no shield)
rPois  .         Spirit   .     c - +0 helmet
rElec  .         Reflect  .     (no cloak)
rCorr  .         Harm     .     (no gloves)
MR     .....                    (no boots)
Stlth  ++........               (no amulet)
                                q - ring of protection from cold
                                l - ring of wizardry

@: corroded
A: high mp 1
a: no special abilities


You were on level 6 of the Dungeon.
You were not hungry.

You visited 1 branch of the dungeon, and saw 7 of its levels.

You collected 222 gold pieces.

Inventory:

Hand Weapons
 a - a +0 trident (weapon)
Missiles
 d - 2 throwing nets (quivered)
Armour
 b - a +0 leather armour (worn)
 c - a +0 helmet (worn)
Jewellery
 l - a ring of wizardry (left hand)
 q - a ring of protection from cold (right hand)
Wands
 j - a wand of acid (7/15)
 v - a wand of polymorph (13/24)
Scrolls
 i - a scroll of fear
 k - a scroll of remove curse
 n - a scroll of noise
 o - a scroll of enchant weapon {unknown}
Potions
 e - a potion of brilliance {unknown}
 g - a potion of might {unknown}
 h - 2 potions of curing
 p - 2 potions of flight
Comestibles
 f - 3 bread rations
 m - a meat ration
 r - a beef jerky
 s - a chunk of flesh
 t - a slice of pizza


   Skills:
 + Level 3.3 Fighting
 + Level 5.8 Polearms
 + Level 2.0 Throwing
 + Level 2.2 Armour
 * Level 4.2 Dodging
 + Level 1.9 Stealth


You had 6 spell levels left.
You didn't know any spells.

Dungeon Overview and Level Annotations

Branches:
Dungeon (7/15)
 Temple: D:4-7


Innate Abilities, Weirdness & Mutations

You have an increased reservoir of magic. (+10% MP)


Message History

You throw a throwing net.
The throwing net closely misses the wolf.
The wolf bites you!
* * * LOW HITPOINT WARNING * * *
The wolf closely misses you.
Throwing (i - inventory):
d - 4 throwing nets (quivered)
Press: ? - help, Shift-Dir - straight line, f/p - wolf
Aim: a wolf You throw a throwing net.
The throwing net misses the wolf.
The wolf bites you.
* * * LOW HITPOINT WARNING * * *
The crimson imp blinks!
Throwing (i - inventory):
d - 3 throwing nets (quivered)
Press: ? - help, Shift-Dir - straight line, f/p - wolf
Aim: a wolf You throw a throwing net.
The throwing net hits the wolf.
The wolf is caught in the net!
The wolf struggles against the net. x2
You hit the wolf but do no damage.
The wolf struggles against the net. x2
The net rips apart, and the wolf comes free!
You barely miss the wolf. The wolf misses you. The wolf bites you!
You die...

#...##..<...##..
#...##......##.§
#...##.###.....#
#####...##.........#
#..................#####
#..........#####....)..#
#.....##......##5.(....###
#......#.#.##.##...........
##.....#.#@##.##.#.........
#.....#.#.h..§............
#.....#.#####.............
#####...............###$..
#.#.####.....)..# ...
#.#.....÷......... ...
#.######..........# ...
#........... ...
#..........


You could see a wolf.

Vanquished Creatures
  2 ogres (D:4)
  A centaur (D:6)
  A wyvern skeleton (D:7)
  A crimson imp (D:3)
  2 orc priests (D:3)
  A hound (D:6)
  An orc wizard (D:3)
  2 bullfrog skeletons (D:4)
  A gnoll shaman (D:4)
  A worker ant (D:4)
  A worker ant zombie (D:7)
  7 adders
  3 gnolls
  A shadow imp (D:6)
  An ooze (D:6)
  An adder skeleton (D:4)
  A worm (D:3)
  A dart slug (D:3)
  5 leopard geckos
  6 orcs
  A ball python (D:1)
  4 giant cockroaches
  11 hobgoblins
  12 kobolds
  A quokka (D:2)
  7 bats
  6 frilled lizards
  3 goblins
  9 rats
94 creatures vanquished.

Vanquished Creatures (others)
  A withered plant (D:7)
1 creature vanquished.

Grand Total: 95 creatures vanquished

Notes
Turn   | Place    | Note
-------+----------+-------------------------------------------
     0 | D:1      | Leibowitz the Demigod Gladiator began the quest for the Orb.
     0 | D:1      | Reached XP level 1. HP: 17/17 MP: 3/3
   312 | D:1      | Reached XP level 2. HP: 18/24 MP: 4/4
   443 | D:1      | Reached skill level 3 in Polearms
  1073 | D:1      | Reached XP level 3. HP: 29/29 MP: 5/5
  1684 | D:2      | Reached XP level 4. HP: 14/36 MP: 6/6
  2268 | D:3      | Found a radiant altar of Vehumet.
  2439 | D:3      | Found a white marble altar of Elyvilon.
  2439 | D:3      | Found a hide-covered altar of Uskayaw.
  2440 | D:3      | Found a glowing silver altar of Zin.
  2786 | D:3      | Reached skill level 1 in Armour
  2786 | D:3      | Reached skill level 1 in Stealth
  2956 | D:4      | Reached skill level 4 in Polearms
  2956 | D:4      | Reached XP level 5. HP: 35/42 MP: 7/7
  2969 | D:4      | Noticed an ogre
  2980 | D:4      | Killed an ogre
  3123 | D:4      | Found an iron altar of Okawaru.
  3204 | D:4      | HP: 1/42 [gnoll/spear (4)]
  3609 | D:4      | Reached XP level 6. HP: 45/50 MP: 8/8
  4093 | D:3      | Reached skill level 5 in Polearms
  4778 | D:5      | Entered Level 5 of the Dungeon
  4788 | D:5      | You fall through a shaft for 2 floors!
  4799 | D:7      | Noticed a hellwing
  4824 | D:7      | Reached XP level 7. HP: 29/57 MP: 9/9
  4842 | D:7      | Noticed a hellwing
  5293 | D:6      | HP: 1/57 [wolf (4)]
  5296 | D:6      | Mangled by a wolf

Skill      XL: |  1  2  3  4  5  6 |
---------------+-------------------+-----
Dodging        | 3 4 |  4.2
Polearms       | 3 4 5 |  5.8
Throwing       | 2 |  2.0
Fighting       | 2 3 |  3.3
Armour         | 1 2 |  2.2
Stealth        | 1 |  1.9

Action                   |  1- 3 |  4- 6 |  7- 9 || total
-------------------------+-------+-------+-------++-------
Melee: Trident           |   170 |   200 |    45 ||   415
Throw: Throwing net      |     3 |       |     3 ||     6
Evoke: Wand              |       |       |     3 ||     3
  Use: Potion            |       |     1 |     1 ||     2
       Scroll            |       |     8 |       ||     8
 Stab: Held in net/web   |     1 |       |       ||     1
       Sleeping          |     1 |     3 |     2 ||     6
  Eat: Chunk             |     2 |    11 |     1 ||    14
Armor: Leather armour    |    42 |    24 |     7 ||    73
Dodge: Dodged            |   112 |   113 |    29 ||   254
